 Dungeon Crawl Stone Soup version 0.30-a0-737-gf23d94013f (webtiles) character file.

Game seed: 12706709210282088124

19908 jimonade the Slicer (level 12, -1/60 HPs)
             Began as a Vine Stalker Gladiator on Feb 1, 2023.
             Was a High Priest of Uskayaw.
             Slain by Rupert
             ... wielding a +1 great sword of protection
              (14 damage)
             ... on level 3 of the Lair of Beasts.
             The game lasted 00:33:52 (10930 turns).

jimonade the Slicer (Vine Stalker Gladiator)       Turns: 10930, Time: 00:33:53

Health: -1/60      AC: 10    Str: 20    XL:     12   Next: 73%
Magic:  0/24       EV: 15    Int:  6    God:    Uskayaw [*****.]
Gold:   806        SH: 14    Dex: 20    Spells: 20/26 levels left

rFire   . . .      SeeInvis .    r - +6 dagger (distort)
rCold   + . .      Faith    .    B - +2 buckler
rNeg    . . .      Spirit   +    I - +0 acid dragon scales
rPois   .          Reflect  +    c - +0 helmet
rElec   .          Harm     .    (no cloak)
rCorr   +          Rampage  +    (no gloves)
Will    +....                    R - +0 pair of boots {rampage}
Stlth   +                        a - amulet of Xom's Full Attention {Reflect Str+4 Int-4 SH+5}
HPRegen 1.10/turn                t - ring of protection from cold
MPRegen 0.19/turn                S - +4 ring of slaying

@: no status effects
A: fangs 3, regeneration 1, magic shield, antimagic bite, no potion heal 2
a: Renounce Religion, Stomp, Line Pass, Grand Finale


You were on level 3 of the Lair of Beasts.
You worshipped Uskayaw.
Uskayaw was noncommittal.
You visited 3 branches of the dungeon, and saw 14 of its levels.
You also visited: Sewer and Ossuary.

You collected 806 gold pieces.

Inventory:

Hand Weapons
 r - a +6 dagger of distortion (weapon)
Missiles
 d - 2 throwing nets (quivered)
 e - a javelin
 i - 5 boomerangs
 j - 5 poisoned darts
 p - 117 stones
 A - 3 atropa-tipped darts
Armour
 c - a +0 helmet (worn)
 y - a +0 troll leather armour
 B - a +2 buckler (worn)
 I - +0 acid dragon scales (worn)
 K - a +2 leather armour of cold resistance
 R - a +0 pair of boots of rampaging (worn)
 V - a +2 chain mail of positive energy
Jewellery
 a - the amulet of Xom's Full Attention (around neck) {Reflect Str+4 Int-4 SH+5}
   (You acquired it on level 3 of the Dungeon)

   [amulet of reflection]

   It reflects blocked missile attacks.
   Str:       It affects your strength (+4).
   Int:       It affects your intelligence (-4).
   SH:        It affects your SH (+5).
 k - an amulet of the acrobat
 t - a ring of protection from cold (left hand)
 x - a +4 ring of protection
 z - a ring of protection from fire
 E - an amulet of magic regeneration
 N - a ring of willpower
 O - an amulet of faith
 S - a +4 ring of slaying (right hand)
Wands
 s - a wand of digging (13)
 D - a wand of flame (40)
 G - a wand of polymorph (4)
 J - a wand of charming (11)
 U - a wand of quicksilver (5)
Scrolls
 g - 4 scrolls of immolation
 m - a scroll of brand weapon
 q - 2 scrolls of magic mapping
 v - a scroll of silence {unknown}
 w - 3 scrolls of teleportation
 C - a scroll of blinking
 F - a scroll of fog
 Q - a scroll of fear
Potions
 b - 2 potions of mutation
 f - 6 potions of flight
 h - a potion of resistance
 l - 2 potions of might
 n - a potion of degeneration
 o - a potion of cancellation
 u - 5 potions of brilliance
 H - a potion of attraction
 P - a potion of curing {unknown}
 T - 5 potions of ambrosia
Miscellaneous
 L - a phial of floods (inert)
 M - a condenser vane (inert)


   Skills:
 + Level 5.7 Fighting
 * Level 10.6 Short Blades
 - Level 1.7 Throwing
 + Level 5.6 Armour
 + Level 6.2 Dodging
 + Level 7.4 Shields
 * Level 7.5 Spellcasting
 * Level 7.6 Translocations
 + Level 1.0 Evocations


You had 20 spell levels left.
You knew the following spells:

 Your Spells              Type           Power      Damage    Failure   Level
a - Blink                 Tloc           22%        N/A       2%          2
b - Manifold Assault      Tloc           11%        N/A       16%         4

Your spell library contained the following spells:

 Spells                   Type           Power      Damage    Failure   Level
 Kiss of Death            Conj/Necr      8%         2d6       36%         1
 Sting                    Tmut/Pois      8%         1d3       36%         1
 Summon Small Mammal      Summ           8%         N/A       36%         1
 Kindle Blastsparks       Fire/Tloc/Air  10%        2d10      36%         3
 Poisonous Vapours        Pois/Air       4%         N/A       50%         2
 Call Canine Familiar     Summ           2%         N/A       75%         3
 Confusing Touch          Hex            2%         N/A       75%         3
 Frozen Ramparts          Ice            4%         1d1       75%         3
 Ignite Poison            Fire/Tmut/Pois 2%         N/A       75%         3
 Summon Guardian Golem    Hex/Summ       2%         N/A       75%         3
 Dispersal                Tloc           5%         N/A       94%         6
 Dispel Undead            Necr           2%         3d7       98%         4
 Ice Form                 Ice/Tmut       2%         N/A       98%         4
 Olgreb's Toxic Radiance  Pois           2%         N/A       98%         4
 Summon Ice Beast         Ice/Summ       2%         N/A       98%         4
 Blade Hands              Tmut           1%         N/A       100%        5
 Fireball                 Conj/Fire      1%         3d3       100%        5
 Freezing Cloud           Conj/Ice/Air   1%         6-21      100%        5
 Irradiate                Conj/Tmut      1%         3d12      100%        5
 Iskenderun's Battlesphe  Conj           2%         2d6       100%        5
 Conjure Ball Lightning   Conj/Air       1%         3x3d6     100%        6
 Dragon Form              Tmut           1%         N/A       100%        7
 Orb of Destruction       Conj           1%         9d5       100%        7
 Storm Form               Tmut/Air       1%         N/A       100%        7
 Disjunction              Tloc           5%         N/A       100%        8


Dungeon Overview and Level Annotations

Branches:
Dungeon (10/15)            Temple (1/1) D:4            Lair (3/5) D:10
  Swamp (0/4) Lair:2        Snake (0/4) Lair:3          Orc (0/2) D:9
  Sewer (visited)         Ossuary (visited)

Altars:
Ashenzari
Cheibriados
Dithmenos
Elyvilon
Fedhas
Gozag
Hepliaklqana
Kikubaaqudgha
Makhleb
Nemelex Xobeh
Okawaru
Qazlal
Ru
Sif Muna
Trog
Uskayaw
Vehumet
Wu Jian
Xom
Yredelemnul
Zin
The Shining One

Shops:
D:3 *   D:5 *

Annotations:
D:10 3 runed translucent doors, bmack86's ghost, journeyman MiFi
Lair:1 2 transporters, baller8008's ghost, journeyman DECj
Lair:3 Rupert


Innate Abilities, Weirdness & Mutations

You have razor-sharp teeth.
Your natural rate of healing is unusually fast.
When hurt, damage is shared between your health and your magic reserves.
Your bite disrupts and absorbs the magic of your enemies.
Potions cannot restore your health.


Message History

Rupert is heavily wounded.
Rupert blinks!
You can now merge with and destroy a victim.
You rampage towards Rupert!
You hit Rupert but do no damage. You bite Rupert. You drain his power.
You feel invigorated.
Rupert is heavily wounded.
Rupert blinks!
Rupert roars wildly at you. You resist with significant effort.
Found a scroll of fear.
Rupert roars madly and goes into a rage!
Rupert goes berserk!
You rampage towards Rupert!
You puncture Rupert!
Space warps horribly around Rupert!
You bite Rupert. You drain his power.
Rupert is heavily wounded.
You puncture Rupert!
Space warps horribly around Rupert!!
Rupert is severely wounded.
Rupert hits you with a +1 great sword of protection!!
You closely miss Rupert. Your bite misses Rupert.
Rupert is severely wounded.
Rupert hits you but does no damage.
You hit Rupert but do no damage.
Space warps around Rupert.
You bite Rupert. You drain his power.
You feel invigorated.
Rupert is severely wounded.
Rupert hits you with a +1 great sword of protection!!
* * * LOW HITPOINT WARNING * * *
You hit Rupert.
Space warps horribly around Rupert!!
You bite Rupert. You drain his power.
You feel invigorated.
Rupert is almost dead.
Rupert closely misses you.
You closely miss Rupert.
Rupert is almost dead.
You hit Rupert but do no damage.
Space warps horribly around Rupert!
You bite Rupert. You drain his power.
You feel invigorated.
Rupert is almost dead.
You block Rupert's attack.
You barely miss Rupert. You bite Rupert, but do no damage.
Rupert is almost dead.
Rupert hits you with a +1 great sword of protection!!
You die...

###.....##.####....####
?....................###.
.....................#...
.....................#...
....<....................
.........................
...............<.........
....................##...
........@@.......... #...
.................. ###.
#######.########.. #..
♣...†.....♣ .. +..
♣..♣♣♣♣.♣♣♣♣..♣ #. .~..
♣.♣♣♣ ... #.#


You could see Rupert (berserk).

Vanquished Creatures
  2 two-headed ogres (D:10)
  A boulder beetle (Lair:2)
  2 bog bodies (Lair:2)
  A manticore (D:10)
  A black mamba (Lair:1)
  A cane toad (Lair:3)
  Maggie (D:7)
  A kobold demonologist (D:9)
  2 komodo dragons (Lair:3)
  A troll (D:8)
  A queen bee (D:10)
  14 blink frogs
  3 wyverns
  17 yaks
  A basilisk (Lair:1)
  2 steam dragons
  3 swamp worms (Lair:2)
  2 nagas (Lair:3)
  2 acid dragons
  3 water moccasins
  Duvessa (D:6)
  2 orc warriors
  2 black bears
  An ice beast (D:8)
  2 centaurs
  2 phantoms (D:5)
  An elf zombie (Ossuary)
  11 bullfrogs
  5 scorpions
  2 gnoll sergeants
  15 wights
  Dowan (D:6)
  29 killer bees
  7 howler monkeys
  An electric eel (Lair:2)
  2 centaur zombies (Ossuary)
  4 hounds
  A gnoll bouda (D:7)
  2 jellies (D:5)
  2 orc priests
  6 iguanas
  Terence (D:3)
  6 orc wizards
  2 mummies (Ossuary)
  5 adders
  10 gnolls
  4 river rats
  2 white imps (D:8)
  An ufetubus (D:5)
  A worm (D:5)
  16 orcs
  6 ball pythons
  3 endoplasms
  4 giant cockroaches
  8 goblins
  8 hobgoblins
  4 jackals
  2 quokkas
  3 bats
  2 frilled lizards (D:1)
  3 goblin zombies (Ossuary)
  7 hobgoblin zombies (Ossuary)
  12 kobolds
  8 kobold zombies (Ossuary)
  8 orc zombies (Ossuary)
  7 rats
  5 rat zombies (Ossuary)
298 creatures vanquished.

Vanquished Creatures (others)
  A deep elf pyromancer (D:8)
  A kobold brigand (Sewer)
  An orc (D:5)
  13 fungi
  14 plants
30 creatures vanquished.

Grand Total: 328 creatures vanquished

Notes
Turn   | Place    | Note
-------+----------+-------------------------------------------
     0 | D:1      | jimonade the Vine Stalker Gladiator began the quest for the
                  | Orb.
     0 | D:1      | Reached XP level 1. HP: 11/11 MP: 2/2
   108 | D:1      | Reached skill level 3 in Short Blades
   113 | D:1      | Reached XP level 2. HP: 15/15 MP: 3/3
   510 | D:1      | Found a faded altar of an unknown god.
   740 | D:2      | Reached XP level 3. HP: 18/18 MP: 4/4
  1064 | D:3      | Identified a scroll of acquirement
  1064 | D:3      | Acquired the amulet of Xom's Full Attention {Reflect Str+4
                  | Int-4 SH+5}
  1103 | D:3      | Found a glowing drain.
  1119 | D:3      | Gained mutation: Your natural rate of healing is unusually
                  | fast. [Vine Stalker growth]
  1119 | D:3      | Reached XP level 4. HP: 19/23 MP: 1/5
  1129 | Sewer    | Entered a sewer
  1163 | Sewer    | Reached skill level 4 in Short Blades
  1233 | Sewer    | Noticed a kobold brigand
  1248 | Sewer    | Killed a kobold brigand
  1249 | Sewer    | Reached skill level 1 in Armour
  1249 | Sewer    | Reached XP level 5. HP: 20/26 MP: 6/6
  1290 | Sewer    | Found a white marble altar of Elyvilon.
  1409 | D:3      | Found Nahep's Assorted Antiques.
  1887 | D:3      | Noticed Terence
  1890 | D:3      | Noticed a water moccasin
  1897 | D:3      | Killed Terence
  1912 | D:3      | Banished a water moccasin
  1913 | D:3      | Reached skill level 5 in Short Blades
  1913 | D:3      | Reached XP level 6. HP: 16/30 MP: 5/7
  2153 | D:4      | Found a staircase to the Ecumenical Temple.
  2192 | D:4      | Reached XP level 7. HP: 17/35 MP: 4/9
  2200 | Temple   | Entered the Ecumenical Temple
  2200 | Temple   | Found a transporter.
  2200 | Temple   | Found a transporter.
  2202 | Temple   | Found a transporter.
  2202 | Temple   | Found a transporter.
  2320 | D:4      | Reached skill level 1 in Spellcasting
  2320 | D:4      | Reached skill level 1 in Translocations
  2353 | D:4      | Found a sand-covered staircase.
  2356 | Ossuary  | Entered an ossuary
  2655 | D:4      | Found a burning altar of Makhleb.
  2656 | D:4      | Found an opulent altar of Gozag.
  3098 | D:4      | Found a hazy altar of Hepliaklqana.
  3098 | D:4      | Found a sparkling altar of Nemelex Xobeh.
  3105 | D:4      | Found an iron altar of Okawaru.
  3107 | D:4      | Found an ancient bone altar of Kikubaaqudgha.
  3109 | D:4      | Found a white marble altar of Elyvilon.
  3231 | D:4      | Identified the +4 long sword of the Land of Plenty {speed,
                  | rF+++ rN+++ Will- Stlth-}
  3533 | D:5      | Entered Level 5 of the Dungeon
  3540 | D:5      | Reached skill level 1 in Shields
  3566 | D:5      | Gained mutation: You have razor-sharp teeth. [Vine Stalker
                  | growth]
  3566 | D:5      | Reached XP level 8. HP: 39/39 MP: 11/11
  3580 | D:5      | Reached skill level 6 in Short Blades
  3668 | D:5      | Found Nopp's General Store.
  4290 | D:6      | Noticed Dowan
  4294 | D:6      | Noticed Duvessa
  4310 | D:6      | Killed Duvessa
  4311 | D:6      | Reached skill level 7 in Short Blades
  4311 | D:6      | Killed Dowan
  4334 | D:6      | Reached XP level 9. HP: 44/44 MP: 14/14
  5020 | D:7      | Reached skill level 8 in Short Blades
  5079 | D:7      | Reached XP level 10. HP: 46/49 MP: 15/17
  5230 | D:7      | Noticed Maggie
  5253 | D:7      | Killed Maggie
  5646 | D:8      | Noticed a deep elf pyromancer
  5659 | D:8      | Killed a deep elf pyromancer
  5660 | D:8      | Reached skill level 5 in Dodging
  5684 | D:8      | Reached skill level 5 in Translocations
  5704 | D:8      | Reached skill level 5 in Spellcasting
  5850 | D:8      | Reached skill level 9 in Short Blades
  6324 | D:9      | Reached XP level 11. HP: 53/53 MP: 20/20
  6539 | D:9      | Reached skill level 5 in Shields
  6879 | D:9      | Found a hide-covered altar of Uskayaw.
  6903 | D:9      | Found a staircase to the Orcish Mines.
  7110 | D:10     | Entered Level 10 of the Dungeon
  7440 | D:9      | Learned a level 2 spell: Blink
  7643 | D:10     | Noticed a manticore
  7652 | D:10     | Killed a manticore
  7695 | D:10     | Found a stormy altar of Qazlal.
  7829 | D:10     | Reached skill level 10 in Short Blades
  7961 | D:10     | Identified the +6 trident of jimonade's Anguish {drain,
                  | rElec rC- Str+2}
  7998 | D:10     | Found a staircase to the Lair.
  8208 | D:10     | Noticed a two-headed ogre
  8230 | D:10     | Killed a two-headed ogre
  8231 | D:10     | Reached skill level 5 in Armour
  8297 | D:10     | Found a runed translucent gate.
  8299 | D:10     | Noticed bmack86's ghost (journeyman MiFi)
  8300 | D:10     | Found a runed translucent gate.
  8300 | D:10     | Found a runed translucent gate.
  8300 | D:10     | Noticed a green ugly thing
  8302 | D:10     | Noticed a five-headed hydra
  8321 | D:10     | Noticed a two-headed ogre
  8328 | D:10     | Killed a two-headed ogre
  8776 | D:9      | Became a worshipper of Uskayaw the Reveller
  8785 | D:9      | Learned a level 4 spell: Manifold Assault
  9148 | Lair:1   | Entered Level 1 of the Lair of Beasts
  9153 | Lair:1   | Reached * piety under Uskayaw
  9156 | Lair:1   | Reached ** piety under Uskayaw
  9158 | Lair:1   | Reached *** piety under Uskayaw
  9160 | Lair:1   | Reached XP level 12. HP: 45/59 MP: 23/23
  9161 | Lair:1   | Reached **** piety under Uskayaw
  9166 | Lair:1   | Reached ***** piety under Uskayaw
  9197 | Lair:1   | Reached skill level 5 in Fighting
  9207 | Lair:1   | Noticed baller8008's ghost (journeyman DECj)
  9209 | Lair:1   | Found a transporter.
  9210 | Lair:1   | Noticed a death yak
  9379 | Lair:1   | Noticed a six-headed hydra
  9501 | Lair:1   | Found a transporter.
  9723 | Lair:2   | Reached ****** piety under Uskayaw
  9834 | Lair:2   | Found a transporter.
 10288 | Lair:2   | Found a transporter.
 10296 | Lair:2   | Noticed a boulder beetle
 10349 | Lair:2   | Found a staircase to the Swamp.
 10592 | Lair:2   | Killed a boulder beetle
 10685 | Lair:3   | Found a staircase to the Snake Pit.
 10897 | Lair:3   | Noticed Rupert
 10903 | Lair:3   | Reached skill level 1 in Evocations
 10930 | Lair:3   | Slain by Rupert

Illustrated notes

Levels and vault maps discovered:
D:1:      minmay_arrival_four_houses, layout_rooms,
          shapermc_ecumenical_altar_hornbeckon, serial_bayou_lagoon_a
D:2:      layout_rooms, minivault_23, minmay_misc_feat_four_crosses
D:3:      layout_loops_ring, serial_shops, nicolae_shop_advertising_works
          [nicolae_subvault_shop_adworks], portal_sewer_entry_a, uniq_terence
D:4:      layout_loops_ring, chequers_temple_overflow_minitemple,
          mainiacjoe_overflow_divided_tiny, minmay_temple_entry_wispy,
          lightli_ossuary_entry_decrepit_ruins
D:5:      layout_basic, serial_shops, shop_statue
D:6:      layout_cave_pools, uniq_duvessa
D:7:      layout_cave_pools, uniq_maggie
D:8:      layout_loops_ring, minmay_radiant
D:9:      layout_stronghold, nicolae_overflow_hidden_temple
D:10:     layout_roguey [special_room_bee], nicolae_qazlal_style_of_elements,
          grunt_lair_entry_orc_guard_hut, gammafunk_ghost_split,
          kennysheep_small_circle
Temple:   hellmonk_temple_divided_pantheon
Lair:1:   layout_misc_corridors, gammafunk_ghost_arena, grunt_megastairs_5
Lair:2:   gammafunk_boulding_lane, layout_regular_city,
          nicolae_swamp_entry_splash_gauntlet, minmay_hedge_maze
Lair:3:   nzn_winding_woodlands_cross [nzn_winding_woodlands_5x15_sidewinder,
          nzn_winding_woodlands_5x15_zeroes, nzn_winding_woodlands_5x15_eye,
          nzn_winding_woodlands_5x15_twine,
          nzn_winding_woodlands_15x15_eel_pit], layout_regular_city,
          minmay_snake_entry_guardpost_small, uniq_rupert

Skill      XL: |  1  2  3  4  5  6  7  8  9 10 11 12 |
---------------+-------------------------------------+-----
Short Blades   | 3 4 5 7 8 9 10 | 10.6
Dodging        | 3 4 5 6 |  6.2
Fighting       | 2 3 4 5 |  5.7
Armour         | 1 2 3 4 5 |  5.6
Spellcasting   | 1 3 4 5 6 7 |  7.5
Translocations | 2 3 4 5 6 7 |  7.6
Shields        | 1 3 4 6 7 |  7.4
Evocations     | 1 |  1.0
Throwing       | |  1.7

Action                     |  1- 3 |  4- 6 |  7- 9 | 10-12 || total
---------------------------+-------+-------+-------+-------++-------
  Melee: Rapier            |    33 |       |       |       ||    33
         Bite              |    17 |    14 |    92 |   165 ||   288
         Dagger            |    40 |   113 |   292 |   513 ||   958
         Punch             |     2 |     1 |     3 |       ||     6
  Throw: Throwing net      |     1 |       |       |     1 ||     2
         Dart              |       |       |       |     5 ||     5
  Evoke: Phial of floods   |       |       |       |     1 ||     1
         Condenser vane    |       |       |       |     1 ||     1
    Use: Scroll            |     9 |       |       |    14 ||    23
         Potion            |       |       |       |     1 ||     1
   Stab: Sleeping          |     1 |     1 |     1 |     2 ||     5
         Paralysed         |       |       |       |     6 ||     6
 Armour: Leather armour    |    16 |    25 |    27 |       ||    68
         Ring mail         |       |       |    28 |       ||    28
         Acid dragon scale |       |       |       |    42 ||    42
  Dodge: Dodged            |    43 |    50 |    98 |   157 ||   348
  Block: Other             |     1 |    25 |    13 |       ||    39
         Reflection        |       |     2 |     4 |    13 ||    19
         Buckler           |       |       |    76 |   220 ||   296

Table legend: (Time is in decaauts)
 A = Elapsed time spent in this place.
 B = Non-inter-level travel time spent in this place.
 C = Inter-level travel time spent in this place.
 D = Time resting spent in this place.
 E = Time spent auto-exploring this place.
 F = Levels seen in this place.
 G = Mean time per level.
                   A        B        C        D        E       F      G
               +--------+--------+--------+--------+--------+-----+--------+
         Total |  10668 |   9534 |   1134 |     59 |   7157 |  16 |  666.8 |
       Dungeon |   8393 |   7323 |   1070 |     59 |   5620 |  10 |  839.3 |
        Temple |     40 |     40 |      0 |      0 |      0 |   1 |   40.0 |
          Lair |   1712 |   1649 |     63 |      0 |   1295 |   3 |  570.7 |
         Sewer |    303 |    303 |      0 |      0 |    162 |   1 |  303.0 |
       Ossuary |    219 |    219 |      0 |      0 |     79 |   1 |  219.0 |
               +--------+--------+--------+--------+--------+-----+--------+

Top non-repeatable levels by time:
     D:9: 1407 daAuts
    D:10: 1163 daAuts
     D:4: 980 daAuts
  Lair:2: 937 daAuts
     D:8: 858 daAuts
     D:3: 829 daAuts
     D:5: 772 daAuts
     D:1: 738 daAuts
     D:6: 585 daAuts
     D:2: 551 daAuts
  Lair:1: 534 daAuts
     D:7: 505 daAuts
   Sewer: 303 daAuts
  Lair:3: 240 daAuts
 Ossuary: 219 daAuts
